 Dungeon Crawl Stone Soup version 0.20-a0-303-g575bbf7 (webtiles) character file.

21866 kr4n3x the Eclecticist (level 12, -26/66 HPs)
             Began as a Deep Elf Conjurer on Dec 16, 2016.
             Was an Elder of Vehumet.
             Annihilated by Rupert
             ... wielding a +4 battleaxe of electrocution
              (27 damage)
             ... on level 5 of the Lair of Beasts.
             The game lasted 00:55:10 (15326 turns).

kr4n3x the Eclecticist (Deep Elf Conjurer)         Turns: 15326, Time: 00:55:11

Health: -26/66     AC:  3    Str:  5    XL:     12   Next: 58%
Magic:  49/57      EV: 18    Int: 26    God:    Vehumet [****..]
Gold:   889        SH:  0    Dex: 23    Spells: 13/42 levels left

rFire  . . .     SeeInvis +     f - staff of power
rCold  + . .     Gourm    .     e - +0 robe {rC+}
rNeg   . . .     Faith    .     (no shield)
rPois  .         Spirit   .     (no helmet)
rElec  .         Reflect  .     (no cloak)
rCorr  .         Harm     .     U - +0 pair of gloves {Dex+3}
MR     +....                    (no boots)
Stlth  ++++......               y - amulet "Sonuthr Yviq" {RegenMP Dex+3 SInv}
                                (no ring)
                                G - ring of magical power

@: very slightly contaminated, studying Spellcasting, invisible
A: agile 1
a: Renounce Religion


You were on level 5 of the Lair of Beasts.
You worshipped Vehumet.
Vehumet was greatly pleased with you.
You were not hungry.

You visited 2 branches of the dungeon, and saw 14 of its levels.
You also visited: Labyrinth.

You collected 889 gold pieces.

Inventory:

Armour
 e - a +0 robe of cold resistance (worn)
 U - a +0 pair of gloves of dexterity (worn)
Magical Staves
 f - an uncursed staff of power (weapon)
Jewellery
 m - an uncursed ring of fire
 t - an uncursed ring of protection from cold
 u - an uncursed ring of protection from fire
 y - the amulet "Sonuthr Yviq" (around neck) {RegenMP Dex+3 SInv}
   (You found it in a labyrinth)

   [amulet of magic regeneration]

   It increases your magic regeneration.
   It affects your dexterity (+3).
   It lets you see invisible.
 G - a ring of magical power (left hand)
Wands
 n - a wand of iceblast (5/15)
 o - a wand of confusion (19/48)
 F - a wand of polymorph (11/24)
 Q - a wand of digging (15/24)
Scrolls
 p - a scroll of enchant weapon
 r - 8 scrolls of fog
 z - a scroll of teleportation
 L - 2 scrolls of remove curse
 M - 3 scrolls of amnesia
 R - 4 scrolls of fear
Potions
 d - a potion of resistance
 g - a potion of ambrosia
 j - 6 potions of heal wounds
 k - a potion of brilliance
 l - 2 potions of curing
 s - a potion of invisibility
 v - 2 potions of haste
 B - 2 potions of flight
 J - a potion of might
 N - 2 potions of cancellation
 O - a potion of agility
Books
 b - a book of Conjurations

   Spells                             Type                      Level
   a - Magic Dart                     Conjuration                  1
   b - Searing Ray                    Conjuration                  2
   c - Dazzling Spray                 Conjuration/Hexes            3
   d - Fulminant Prism                Conjuration/Hexes            4
   e - Iskenderun's Mystic Blast      Conjuration                  4
   f - Iskenderun's Battlesphere      Conjuration/Charms           5
 c - a book of Cantrips

   Spells                             Type                      Level
   a - Confusing Touch                Hexes                        1
   b - Animate Skeleton               Necromancy                   1
   c - Summon Small Mammal            Summoning                    1
   d - Apportation                    Translocation                1
 C - a book of Changes

   Spells                             Type                      Level
   a - Beastly Appendage              Transmutation                1
   b - Sticks to Snakes               Transmutation                2
   c - Spider Form                    Transmutation/Poison         3
   d - Ice Form                       Ice/Transmutation            4
   e - Blade Hands                    Transmutation                5
 T - a manual of Spellcasting
Comestibles
 a - 7 beef jerkies
 h - 9 chunks of flesh
 i - 4 slices of pizza
 x - 10 bread rations
 K - 3 fruits


   Skills:
 + Level 4.1 Fighting
 + Level 6.6 Dodging
 + Level 7.6 Stealth
 + Level 15.5 Spellcasting
 + Level 13.5 Conjurations
 - Level 8.1 Charms
 * Level 7.8 Fire Magic


You had 13 spell levels left.
You knew the following spells:

 Your Spells              Type           Power        Failure   Level  Hunger
a - Magic Dart            Conj           ####         0%          1    None
b - Searing Ray           Conj           ######       0%          2    None
c - Dazzling Spray        Conj/Hex       ######       1%          3    None
d - Iskenderun's Mystic   Conj           ######..     1%          4    None
e - Throw Flame           Conj/Fire      ######       1%          2    None
f - Irradiate             Conj/Tmut      ######....   1%          5    None
g - Ozocubu's Refrigerat  Ice            ###.......   93%         6    ####...
h - Animate Skeleton      Necr           N/A          2%          1    None
z - Iskenderun's Battles  Conj/Chrm      ######..     1%          5    None


Dungeon Overview and Level Annotations

Branches:
Dungeon (9/15)             Temple (0/1) D:6            Lair (5/6) D:9
  Swamp (0/4) Lair:4       Spider (0/4) Lair:4
  Slime: Lair:5-6       Orc: D:9-12

Altars:
Ashenzari
Elyvilon
Qazlal
Ru
Sif Muna
Vehumet
Xom
Yredelemnul

Shops:
D:5 (

Annotations:
Lair:5 Rupert


Innate Abilities, Weirdness & Mutations

You are agile. (Dex +2)


Message History

Unknown command.
You feel better. Rupert yells loudly at you.
You suddenly lose the ability to move!
Rupert hits you with a battleaxe of electrocution!
Rupert hits you with a battleaxe of electrocution!!
Rupert looks as if he doubts whether you exists.
Rupert barely misses you.
Rupert roars madly and goes into a rage!
Rupert goes berserk!
Rupert hits you with a battleaxe of electrocution.
You can move again.
Okay, then.
You fade into invisibility!
Rupert hits you with a battleaxe of electrocution!!
* * * LOW HITPOINT WARNING * * *
You are very lightly contaminated with residual magic.
Rupert rages.
Rupert hits you with a battleaxe of electrocution!!
You die...

≈≈P≈≈.......# *,,,,,,,,,
≈≈≈≈≈≈......# **,,,,,,,,,
P≈P≈≈......P# *,,,,,,,,,,
P≈P≈≈......P#### *#######,,,,,,,,
≈≈≈≈≈≈...P...#.###.#..PP#,,,,,,,,
P≈≈≈≈...............(....,,,,,,,,
≈PP≈≈≈..........*.......,,,,,,,,,
≈≈PP≈≈..................,,,,,,,,*
#≈.≈#≈..........@.P#**,,,,,,,,,,*
#...##..........@..#,,,,,,,,,,**,
...,*#............##*,,,,,,,,,,*,
#.,#..............#*,,,,,,,,,,,,,
,,......<.......Z.....,,,,,,,,,,,
,,..........P..#Z......,,,,,,,,,,
,*####......##.#..##P##,,,,,,,,,,
** #......#.##..#*##,,,,,,,,,,, *
###....##*#..# *,,,,,,,,,,,


You could see Rupert (berserk), a friendly battlesphere, a friendly komodo
dragon skeleton (paralysed) and a friendly elephant skeleton (paralysed).

Vanquished Creatures
  A minotaur (Lab)
  3 two-headed ogres
  Sonja (Lair:3)
  Urug (Lair:3)
  An oklob plant (Lair:4)
  4 elephants (Lair:4)
  Joseph (D:8)
  Psyche (D:8)
  3 black mambas
  7 spiny frogs
  11 komodo dragons
  Prince Ribbit (Lair:3)
  2 blink frogs (Lair:3)
  A dream sheep (Lair:1)
  3 hippogriffs
  8 yaks
  A wyvern (Lair:3)
  A basilisk (Lair:3)
  8 water moccasins
  5 porcupines
  2 sky beasts
  An ice beast (D:6)
  6 black bears (D:9)
  An orc warrior (D:8)
  2 ogres
  3 phantoms
  10 wolves
  6 crocodiles
  6 big kobolds (D:6)
  12 bullfrogs
  2 scorpions
  3 killer bees (D:7)
  6 wights
  4 electric eels
  A crimson imp (D:6)
  2 orc priests
  6 hounds
  3 jellies
  A bullfrog skeleton (D:9)
  2 iguanas (D:5)
  9 orc wizards
  5 worker ants
  4 hell rats (Lair:1)
  2 worker ant zombies
  2 gnolls (D:6)
  A howler monkey skeleton (D:6)
  8 adders
  4 river rats (Lair:1)
  An adder skeleton (D:8)
  4 worms
  A dart slug (D:1)
  6 leopard geckos
  24 orcs
  A ball python (D:1)
  8 bats
  11 giant cockroaches
  5 goblins
  17 hobgoblins
  10 jackals
  4 quokkas
  A frilled lizard (D:3)
  51 kobolds
  2 leopard gecko skeletons (D:5)
  12 rats
  A fungus (D:9)
337 creatures vanquished.

Vanquished Creatures (collateral kills)
  An elephant (Lair:5)
  A yak (Lair:4)
2 creatures vanquished.

Vanquished Creatures (others)
  2 fungi
2 creatures vanquished.

Grand Total: 341 creatures vanquished

Notes
Turn   | Place    | Note
-------+----------+-------------------------------------------
     0 | D:1      | kr4n3x the Deep Elf Conjurer began the quest for the Orb.
     0 | D:1      | Reached XP level 1. HP: 10/10 MP: 6/6
   223 | D:1      | Reached XP level 2. HP: 15/15 MP: 5/8
   420 | D:1      | Reached skill level 5 in Conjurations
   533 | D:1      | Reached XP level 3. HP: 19/19 MP: 5/10
  1158 | D:2      | Reached skill level 4 in Spellcasting
  1231 | D:2      | Found a shattered altar of Ashenzari.
  1328 | D:2      | Found a radiant altar of Vehumet.
  1342 | D:2      | Became a worshipper of Vehumet
  1551 | D:2      | Found a faded altar of an unknown god.
  1701 | D:2      | Reached XP level 4. HP: 24/24 MP: 4/12
  1989 | D:3      | Reached * piety under Vehumet
  1989 | D:3      | Offered knowledge of Sting by Vehumet.
  2185 | D:3      | Reached XP level 5. HP: 21/28 MP: 3/14
  2191 | D:3      | Learned a level 2 spell: Searing Ray
  2195 | D:3      | Learned a level 3 spell: Dazzling Spray
  2200 | D:3      | Learned a level 4 spell: Iskenderun's Mystic Blast
  2532 | D:4      | Reached skill level 5 in Spellcasting
  2539 | D:4      | Noticed a phantom
  2552 | D:4      | Killed a phantom
  2552 | D:4      | Reached XP level 6. HP: 12/32 MP: 4/16
  2865 | D:4      | Reached skill level 6 in Spellcasting
  3543 | D:4      | Reached XP level 7. HP: 33/36 MP: 13/18
  3577 | D:5      | Entered Level 5 of the Dungeon
  3626 | D:5      | Found a shimmering altar of Xom.
  3951 | D:5      | Found Egeboig's Antique Weapon Shop.
  4038 | D:5      | Reached ** piety under Vehumet
  4188 | D:5      | Offered knowledge of Throw Flame by Vehumet.
  5096 | D:6      | Found a deep blue altar of Sif Muna.
  5193 | D:6      | Reached skill level 7 in Spellcasting
  5226 | D:6      | Learned a level 2 spell: Throw Flame
  5232 | D:6      | Learned a level 5 spell: Iskenderun's Battlesphere
  5244 | D:6      | Reached skill level 1 in Charms
  5496 | D:6      | Reached XP level 8. HP: 41/41 MP: 0/21
  5809 | D:6      | Reached skill level 5 in Charms
  5811 | D:6      | HP: 1/41 [electric eel/bolt of electricity (5)]
  6387 | D:6      | Reached skill level 8 in Spellcasting
  6503 | D:6      | Offered knowledge of Static Discharge by Vehumet.
  6979 | D:6      | Reached *** piety under Vehumet
  7042 | D:6      | Reached skill level 9 in Spellcasting
  7042 | D:6      | Reached XP level 9. HP: 43/45 MP: 24/24
  7093 | D:6      | Found a staircase to the Ecumenical Temple.
  7191 | D:6      | Offered knowledge of Airstrike by Vehumet.
  7460 | D:6      | Reached skill level 10 in Conjurations
  8072 | D:7      | You fall through a shaft for 2 floors!
  8072 | D:9      | Found a staircase to the Lair.
  8090 | D:9      | Reached **** piety under Vehumet
  8090 | D:9      | Reached skill level 10 in Spellcasting
  8360 | D:9      | Reached skill level 11 in Spellcasting
  8436 | D:9      | Offered knowledge of Irradiate by Vehumet.
  8443 | D:9      | Learned a level 5 spell: Irradiate
  8474 | D:9      | Noticed a two-headed ogre
  8478 | D:9      | Killed a two-headed ogre
  8478 | D:9      | Reached XP level 10. HP: 50/50 MP: 27/27
  8592 | D:8      | Noticed Psyche
  8592 | D:8      | Noticed a two-headed ogre
  8611 | D:7      | Killed a two-headed ogre
  8611 | D:7      | Reached skill level 12 in Spellcasting
  8999 | D:8      | Killed Psyche
  9021 | D:8      | Noticed Joseph
  9026 | D:8      | Killed Joseph
  9297 | D:8      | Noticed a two-headed ogre
  9299 | D:8      | Killed a two-headed ogre
  9299 | D:8      | Reached skill level 1 in Fighting
  9299 | D:8      | Reached skill level 13 in Spellcasting
  9299 | D:8      | Reached skill level 1 in Fire Magic
  9371 | D:8      | Found a sacrificial altar of Ru.
  9696 | D:8      | Found a stormy altar of Qazlal.
  9696 | D:8      | Found a white marble altar of Elyvilon.
  9859 | D:9      | Found a basalt altar of Yredelemnul.
 10142 | Lair:1   | Entered Level 1 of the Lair of Beasts
 10466 | Lair:1   | Reached ***** piety under Vehumet
 10499 | Lair:1   | Reached XP level 11. HP: 53/56 MP: 30/30
 10695 | Lair:1   | Offered knowledge of Ozocubu's Refrigeration by Vehumet.
 10896 | Lair:1   | Gained mutation: You are agile. (Dex +2) [potion of beneficial mutation]
 11654 | Lair:2   | Reached skill level 5 in Stealth
 12386 | Lair:3   | Noticed Urug
 12422 | Lair:3   | Killed Urug
 12468 | Lair:3   | Found a labyrinth entrance.
 12477 | Lab      | Entered a labyrinth
 12653 | Lab      | Noticed a minotaur
 12668 | Lab      | Killed a minotaur
 12668 | Lab      | Reached skill level 5 in Dodging
 12838 | Lab      | Got a heavily runed ivory amulet
 12841 | Lab      | Identified the amulet "Sonuthr Yviq" {RegenMP Dex+3 SInv} (You found it in a labyrinth)
 12896 | Lair:3   | Noticed Prince Ribbit
 12899 | Lair:3   | Killed Prince Ribbit
 12899 | Lair:3   | Reached skill level 14 in Spellcasting
 12905 | Lair:3   | Reached skill level 5 in Fire Magic
 13052 | Lair:3   | Learned a level 6 spell: Ozocubu's Refrigeration
 13366 | Lair:3   | Noticed Sonja
 13378 | Lair:3   | Killed Sonja
 13378 | Lair:3   | Reached XP level 12. HP: 64/64 MP: 32/32
 13468 | Lair:3   | Learned a level 1 spell: Animate Skeleton
 13876 | Lair:4   | Reached skill level 15 in Spellcasting
 14596 | Lair:4   | Found a staircase to the Swamp.
 14816 | Lair:4   | Found a hole to the Spider Nest.
 15303 | Lair:5   | Noticed Rupert
 15318 | Lair:5   | Paralysed by Rupert for 7 turns
 15325 | Lair:5   | HP: 1/66 [Rupert/battleaxe of electrocution (29)]
 15326 | Lair:5   | Annihilated by Rupert

Vault maps used:
D:1:      onia_arrival_larder, minmay_tromino_v7
D:2:      ashenzari_conservatory_becter, lemuel_doored_altar,
          chequers_ecumenical_altar_island
D:3:      first_bread
D:5:      xom_butterflies, serial_shops, shop, st_stairs_5
D:6:      minmay_goblin_kobold_castle, lemuel_blue_sif_altar, corner_web_ring
D:7:      grunt_ogre_cave
D:8:      nicolae_ru_sacrificial_ziggurat, gammafunk_temple_overflow_elements,
          uniq_psyche, uniq_joseph
D:9:      lemuel_flame_loot_2, due_lair_maze_entry_diamond, basic_altar,
          hex_large
Lair:1:   serial_bayou_lagoon_a, kennysheep_abandoned_house
Lair:2:   minivault_23
Lair:3:   lab_entry_generic, uniq_prince_ribbit2, uniq_sonja, uniq_urug
Lair:4:   swamp_mist, spider_nest_entry_web_field
Lair:5:   portal_ice_cave_entry_ice_beasts, serial_bayou_shore_a, uniq_rupert

Skill      XL: |  1  2  3  4  5  6  7  8  9 10 11 12 |
---------------+-------------------------------------+-----
Conjurations   | 5 6 7 8 9 11 12 13 | 13.5
Spellcasting   | 4 5 6 7 9 11 13 14 15 | 15.5
Charms         | 3 8 |  8.1
Fighting       | 1 3 4 |  4.1
Dodging        | 3 5 6 |  6.6
Stealth        | 4 6 7 |  7.6
Fire Magic     | 2 6 7 |  7.8

Action                   |  1- 3 |  4- 6 |  7- 9 | 10-12 || total
-------------------------+-------+-------+-------+-------++-------
Melee: Dagger            |       |       |     1 |       ||     1
       Staff             |       |       |       |     2 ||     2
 Cast: Magic Dart        |    79 |   155 |   239 |   226 ||   699
       Searing Ray       |       |     2 |     1 |       ||     3
       Dazzling Spray    |       |     1 |     9 |     2 ||    12
       Iskenderun's Myst |       |       |    54 |    83 ||   137
       Iskenderun's Batt |       |       |     9 |    61 ||    70
       Animate Skeleton  |       |       |       |    12 ||    12
  Use: Scroll            |     1 |       |    11 |    17 ||    29
       Potion            |       |       |       |     5 ||     5
  Eat: Bread ration      |     1 |       |       |       ||     1
       Chunk             |       |     3 |    13 |    17 ||    33
       Royal jelly       |       |       |     1 |       ||     1
       Meat ration       |       |       |     1 |     1 ||     2
       Beef jerky        |       |       |       |     1 ||     1
Armor: Robe              |     1 |     5 |    15 |     4 ||    25
Dodge: Dodged            |     7 |    20 |    73 |    53 ||   153
